 Dungeon Crawl Stone Soup version 0.24.1-8-ga250c9d538 (webtiles) character file.

Game seed: 11414887307509184740, levelgen mode: deterministic

7711 Peloso the Blocker (level 11, 0/89 HPs)
             Began as a Gnoll Fighter on May 5, 2020.
             Was an Elder of Okawaru.
             Slain by Urug
             ... wielding a +0 demon trident
              (13 damage)
             ... on level 10 of the Dungeon.
             The game lasted 00:24:03 (10781 turns).

Peloso the Blocker (Gnoll Fighter)                 Turns: 10781, Time: 00:24:04

Health: 0/89       AC: 20    Str: 26      XL:     11   Next: 19%
Magic:  19/19      EV: 13    Int: 11      God:    Okawaru [****..]
Gold:   654        SH: 15    Dex: 13 (14) Spells: 21/21 levels left

rFire    + . .     SeeInvis .   a - +0 long sword
rCold    x . .     Gourm    .   c - +1 shield
rNeg     . . .     Faith    .   x - +0 plate armour
rPois    .         Spirit   .   q - +0 helmet
rElec    .         Reflect  .   I - +1 cloak
rCorr    .         Harm     .   (no gloves)
MR       .....                  (no boots)
Stlth    ..........             (no amulet)
HPRegen  0.24/turn              y - ring of fire
MPRegen  0.16/turn              t - +4 ring of strength

@: heroism
A: distributed training, fangs 1, strong nose
a: Heroism, Renounce Religion


You were on level 10 of the Dungeon.
You worshipped Okawaru.
Okawaru was greatly pleased with you.
You were not hungry.

You visited 2 branches of the dungeon, and saw 11 of its levels.

You collected 654 gold pieces.

Inventory:

Hand Weapons
 a - a +0 long sword (weapon)
 d - a +2 dagger of draining
Armour
 b - a +0 scale mail
 c - a +1 shield (worn)
 q - a +0 helmet (worn)
 x - a +0 plate armour (worn)
 I - a +1 cloak (worn)
Jewellery
 j - an uncursed ring of wizardry
 t - a +4 ring of strength (right hand)
 y - a ring of fire (left hand)
Wands
 n - a wand of iceblast (9)
 A - a wand of random effects (20)
 H - a wand of flame (15)
Scrolls
 h - 2 scrolls of identify
 i - 2 scrolls of enchant armour
 k - 2 scrolls of blinking {unknown}
 m - 3 scrolls of teleportation {unknown}
 p - 2 scrolls of immolation {unknown}
 r - a scroll of fog {unknown}
 w - a scroll of summoning {unknown}
 B - 2 scrolls of remove curse
 C - a scroll of fear
 F - a scroll of silence {unknown}
 G - 2 scrolls of magic mapping {unknown}
Potions
 l - a potion of invisibility
 o - 2 potions of curing
 s - 2 potions of mutation
 v - a potion of brilliance
 z - a potion of haste
 E - a potion of ambrosia
Comestibles
 f - 15 rations


   Skills:
 + Level 9.0(14.0) Fighting
 + Level 5.9(10.9) Short Blades
 + Level 7.6(12.6) Long Blades
 + Level 5.9(10.9) Axes
 + Level 5.9(10.9) Maces & Flails
 + Level 5.9(10.9) Polearms
 + Level 5.9(10.9) Staves
 + Level 5.9(10.9) Slings
 + Level 5.9(10.9) Bows
 + Level 5.9(10.9) Crossbows
 + Level 5.9(10.9) Throwing
 + Level 9.0(14.0) Armour
 + Level 5.9(10.9) Dodging
 + Level 5.9(10.9) Stealth
 + Level 9.0(14.0) Shields
 + Level 5.9(10.9) Unarmed Combat
 + Level 5.9 Spellcasting
 + Level 4.9 Conjurations
 + Level 4.9 Hexes
 + Level 4.9 Charms
 + Level 4.9 Summonings
 + Level 4.9 Necromancy
 + Level 4.9 Translocations
 + Level 4.9 Transmutations
 + Level 4.9 Fire Magic
 + Level 4.9 Ice Magic
 + Level 4.9 Air Magic
 + Level 4.9 Earth Magic
 + Level 4.9 Poison Magic
 + Level 6.5 Invocations
 + Level 5.9 Evocations


You had 21 spell levels left.
You didn't know any spells.
Your spell library contained the following spells:

 Spells                   Type           Power        Failure   Level  Hunger
 Mephitic Cloud           Conj/Pois/Air  ##......     54%         3    ###....
 Recall                   Summ/Tloc      N/A          54%         3    ###....
 Summon Guardian Golem    Hex/Summ       ##......     54%         3    ###....
 Summon Ice Beast         Ice/Summ       ##......     91%         4    ####...


Dungeon Overview and Level Annotations

Branches:
Dungeon (10/15)            Temple (1/1) D:4            Lair (0/6) D:8
    Orc: D:9-12

Altars:
Ashenzari
Cheibriados
Dithmenos
Elyvilon
Fedhas
Gozag
Hepliaklqana
Kikubaaqudgha
Makhleb
Nemelex Xobeh
Okawaru
Qazlal
Ru
Sif Muna
Trog
Uskayaw
Vehumet
Wu Jian
Xom
Yredelemnul
Zin
The Shining One

Shops:
D:7 *

Annotations:
D:3 2 transporters, letownia's ghost, amateur GnEE
D:10 Urug


Innate Abilities, Weirdness & Mutations

Your experience applies equally to all skills.
You have very sharp teeth.
Your uncanny sense of smell can sniff out nearby items.


Message History

Urug hits you with a +0 demon trident!
* * * LOW HITPOINT WARNING * * *
You hit Urug. You bite Urug, but do no damage.
Urug is severely wounded.
You block Urug's attack.
You hit Urug.
Urug is severely wounded.
You hit Urug. You bite Urug.
Urug is severely wounded.
You block Urug's attack.
You slice Urug!!
Urug is almost dead.
Urug hits you with a +0 demon trident!
* * * LOW HITPOINT WARNING * * *
You barely miss Urug.
Urug is almost dead.
You closely miss Urug. You bite Urug, but do no damage.
Urug is almost dead.
Urug hits you with a +0 demon trident!
You die...

.........###.........
..........##.........
...........)..#..#..#
..............####..#
...................
#....#......###....
#.##.#..(..## ##...
#.#.((#..)(### #>..
#o@..##...)..# ...
#.##....##..## ...
...#.........# ...
..............#... ..
###......#....##...
## .......#.#.##
.8..# ............#
..... .............#
'#.. ... ... .#


You could see Urug.

Vanquished Creatures
  The ghost of H0rd4k the Thaumaturge, a novice DEWz (D:9)
  An elephant (D:8)
  Maurice (D:9)
  A merfolk (D:9)
  A hornet (D:8)
  2 hippogriffs (D:9)
  Sigmund (D:2)
  A wyvern (D:6)
  A yak (D:7)
  A basilisk (D:8)
  2 steam dragons (D:8)
  A water moccasin (D:10)
  3 black bears
  A sky beast (D:5)
  4 orc warriors
  4 phantoms
  A necrophage (D:9)
  2 ice beasts (D:6)
  3 ogres
  5 centaurs
  A crocodile (D:8)
  3 big kobolds
  4 bullfrogs
  2 gnoll sergeants
  A scorpion (D:5)
  A water moccasin zombie (D:8)
  4 wights (D:6)
  9 killer bees
  3 crimson imps
  2 quasits
  A hound (D:6)
  Crazy Yiuf (D:2)
  2 bullfrog skeletons (D:5)
  3 orc priests
  9 orc wizards
  A bullfrog zombie (D:5)
  Jessica (D:2)
  4 iguanas
  10 worker ants
  3 worker ant zombies
  15 gnolls
  A howler monkey skeleton (D:4)
  A howler monkey zombie (D:9)
  16 adders
  3 shadow imps
  An ooze (D:3)
  2 adder skeletons
  3 worms
  2 dart slugs
  7 leopard geckos
  42 orcs
  8 bats
  4 giant cockroaches
  6 goblins
  6 hobgoblins
  6 jackals
  3 quokkas
  A ball python (D:3)
  7 frilled lizards
  17 kobolds
  4 rats
257 creatures vanquished.

Notes
Turn   | Place    | Note
-------+----------+-------------------------------------------
     0 | D:1      | Peloso the Gnoll Fighter began the quest for the Orb.
     0 | D:1      | Reached XP level 1. HP: 23/23 MP: 1/1
   190 | D:1      | Reached XP level 2. HP: 29/29 MP: 2/2
   849 | D:2      | Reached XP level 3. HP: 32/35 MP: 3/3
   913 | D:2      | Reached skill level 1 in Invocations
   922 | D:2      | Reached skill level 1 in Short Blades
   922 | D:2      | Reached skill level 1 in Axes
   922 | D:2      | Reached skill level 1 in Maces & Flails
   922 | D:2      | Reached skill level 1 in Polearms
   922 | D:2      | Reached skill level 1 in Staves
   922 | D:2      | Reached skill level 1 in Slings
   922 | D:2      | Reached skill level 1 in Bows
   922 | D:2      | Reached skill level 1 in Crossbows
   922 | D:2      | Reached skill level 1 in Throwing
   922 | D:2      | Reached skill level 1 in Dodging
   922 | D:2      | Reached skill level 1 in Stealth
   922 | D:2      | Reached skill level 1 in Unarmed Combat
   922 | D:2      | Reached skill level 1 in Spellcasting
   922 | D:2      | Reached skill level 1 in Evocations
   922 | D:2      | Reached XP level 4. HP: 20/41 MP: 5/5
   979 | D:2      | Found a shattered altar of Ashenzari.
  1045 | D:2      | Noticed Sigmund
  1051 | D:2      | Killed Sigmund
  1051 | D:2      | Reached skill level 1 in Conjurations
  1051 | D:2      | Reached skill level 1 in Hexes
  1051 | D:2      | Reached skill level 1 in Charms
  1051 | D:2      | Reached skill level 1 in Summonings
  1051 | D:2      | Reached skill level 1 in Necromancy
  1051 | D:2      | Reached skill level 1 in Translocations
  1051 | D:2      | Reached skill level 1 in Transmutations
  1051 | D:2      | Reached skill level 1 in Fire Magic
  1051 | D:2      | Reached skill level 1 in Ice Magic
  1051 | D:2      | Reached skill level 1 in Air Magic
  1051 | D:2      | Reached skill level 1 in Earth Magic
  1051 | D:2      | Reached skill level 1 in Poison Magic
  1051 | D:2      | Reached XP level 5. HP: 31/47 MP: 5/7
  1051 | D:2      | Reached XP level 6. HP: 35/53 MP: 5/8
  1120 | D:2      | Noticed Jessica
  1128 | D:2      | Killed Jessica
  1586 | D:2      | Reached skill level 5 in Long Blades
  1754 | D:2      | Found a runed translucent door.
  1755 | D:2      | Noticed Crazy Yiuf
  2139 | D:2      | Killed Crazy Yiuf
  2284 | D:3      | Found a hide-covered altar of Uskayaw.
  2322 | D:3      | Reached XP level 7. HP: 55/59 MP: 10/10
  2396 | D:3      | Found a transporter.
  2397 | D:3      | Found a transporter.
  2531 | D:3      | Identified the +5 spear of the Pariah {venom, rF+ rC+ rN+}
  2615 | D:3      | Found a white marble altar of Elyvilon.
  2784 | D:3      | Noticed letownia's ghost (amateur GnEE)
  3169 | D:4      | Found a staircase to the Ecumenical Temple.
  3180 | Temple   | Entered the Ecumenical Temple
  4283 | D:5      | Entered Level 5 of the Dungeon
  4283 | D:5      | Found a snail-covered altar of Cheibriados.
  4334 | D:5      | Reached XP level 8. HP: 39/67 MP: 12/12
  4715 | D:5      | Got a transparent quarterstaff
  4721 | D:5      | Identified the cursed +0 quarterstaff "Gnoll's Peril"
                  | {speed, MR- Str-4 SInv Stlth+} (You found it on level 5 of
                  | the Dungeon)
  4775 | D:5      | Found an iron altar of Okawaru.
  4800 | D:5      | Became a worshipper of Warmaster Okawaru
  5346 | D:6      | Reached * piety under Okawaru
  5677 | D:6      | Reached XP level 9. HP: 57/72 MP: 11/14
  6354 | D:7      | Found a bloodstained altar of Trog.
  6459 | D:7      | Reached ** piety under Okawaru
  6554 | D:7      | Found Remp's Assorted Antiques.
  6649 | D:7      | Found an ornate altar of the Wu Jian Council.
  6680 | D:7      | Identified the cursed +0 hunting sling of Saltpetre
                  | {freeze, *Drain +Inv rPois Str+3 Stlth+}
  6758 | D:7      | Reached skill level 5 in Invocations
  6759 | D:7      | Found a shadowy altar of Dithmenos.
  6760 | D:7      | Found an ancient bone altar of Kikubaaqudgha.
  6860 | D:7      | Found a stormy altar of Qazlal.
  6860 | D:7      | Found a blossoming altar of Fedhas.
  7233 | D:8      | Reached XP level 10. HP: 19/80 MP: 14/17
  7607 | D:8      | Found an ornate altar of the Wu Jian Council.
  7702 | D:8      | Noticed an elephant
  8310 | D:8      | Reached *** piety under Okawaru
  8310 | D:8      | Reached skill level 5 in Short Blades
  8310 | D:8      | Reached skill level 5 in Axes
  8310 | D:8      | Reached skill level 5 in Maces & Flails
  8310 | D:8      | Reached skill level 5 in Polearms
  8310 | D:8      | Reached skill level 5 in Staves
  8310 | D:8      | Reached skill level 5 in Slings
  8310 | D:8      | Reached skill level 5 in Bows
  8310 | D:8      | Reached skill level 5 in Crossbows
  8310 | D:8      | Reached skill level 5 in Throwing
  8310 | D:8      | Reached skill level 5 in Dodging
  8310 | D:8      | Reached skill level 5 in Stealth
  8310 | D:8      | Reached skill level 5 in Unarmed Combat
  8310 | D:8      | Reached skill level 5 in Spellcasting
  8310 | D:8      | Reached skill level 5 in Evocations
  8370 | D:8      | Killed an elephant
  8415 | D:8      | Found a staircase to the Lair.
  8583 | D:8      | Found a glowing golden altar of the Shining One.
  8583 | D:8      | Found an iron altar of Okawaru.
  8584 | D:8      | Found a burning altar of Makhleb.
  8808 | D:9      | Found an opulent altar of Gozag.
  8897 | D:9      | Reached **** piety under Okawaru
  8960 | D:9      | Noticed Maurice
  8964 | D:9      | Killed Maurice
  9095 | D:9      | Found a large runed translucent door.
  9095 | D:9      | Found a large runed translucent door.
  9099 | D:9      | Noticed H0rd4k's ghost (novice DEWz)
  9136 | D:9      | Killed H0rd4k's ghost
  9136 | D:9      | Received a gift from Okawaru
  9324 | D:9      | Reached XP level 11. HP: 64/87 MP: 19/19
  9453 | D:10     | Entered Level 10 of the Dungeon
 10279 | D:10     | Identified the Disquisition on Toxins and Creation
 10752 | D:10     | Noticed Urug
 10781 | D:10     | Slain by Urug

Levels and vault maps discovered:
D:1:      lemuel_arrival_tunnels, layout_basic, hex_large
D:2:      layout_loops_corners, ashenzari_altar_1, minmay_parallelograms,
          bh_walls_and_bars, uniq_sigmund, uniq_crazy_yiuf_cottage, uniq_jessica
D:3:      layout_loops_ring, nicolae_overflow_hidden_temple,
          lemuel_crystal_altar, gammafunk_ghost_gnarly_gnolls, st_stairs_11
D:4:      layout_basic, minmay_temple_entry_glass, first_ration,
          minmay_misc_feat_secret_circle, minivault_14
D:5:      layout_loops_cross, cheibriados_altar_1, minivault_25,
          okawaru_ov_weapons_minmay
D:6:      layout_basic
D:7:      layout_loops_cross, grunt_temple_overflow_forces_of_nature,
          kennysheep_mini_moat, chequers_temple_overflow_statue_of_worship,
          serial_shops, nicolae_shop_overgrown_old_shop, trog_ov_bears_minmay
D:8:      kennysheep_steamy, layout_rooms, gammafunk_temple_overflow_claw,
          david_lair_generic, basic_altar
D:9:      layout_basic, old_standard_altar, ebering_ghost_disaster_area,
          hangedman_fish_farm, uniq_maurice
D:10:     layout_cave_pools, david_orc_1_choice, serial_shops,
          nicolae_shop_statue_plus, basic_altar, uniq_urug
Temple:   jpeg_temple_island

Skill      XL: |  1  2  3  4  5  6  7  8  9 10 11 |
---------------+----------------------------------+-----
Invocations    | 1 2 3 4 5 6 |  6.5
Short Blades   | 1 2 3 4 5 |  5.9
Axes           | 1 2 3 4 5 |  5.9
Maces & Flails | 1 2 3 4 5 |  5.9
Polearms       | 1 2 3 4 5 |  5.9
Staves         | 1 2 3 4 5 |  5.9
Slings         | 1 2 3 4 5 |  5.9
Bows           | 1 2 3 4 5 |  5.9
Crossbows      | 1 2 3 4 5 |  5.9
Throwing       | 1 2 3 4 5 |  5.9
Dodging        | 1 2 3 4 5 |  5.9
Stealth        | 1 2 3 4 5 |  5.9
Unarmed Combat | 1 2 3 4 5 |  5.9
Spellcasting   | 1 2 3 4 5 |  5.9
Evocations     | 1 2 3 4 5 |  5.9
Conjurations   | 1 2 3 4 |  4.9
Hexes          | 1 2 3 4 |  4.9
Charms         | 1 2 3 4 |  4.9
Summonings     | 1 2 3 4 |  4.9
Necromancy     | 1 2 3 4 |  4.9
Translocations | 1 2 3 4 |  4.9
Transmutations | 1 2 3 4 |  4.9
Fire Magic     | 1 2 3 4 |  4.9
Ice Magic      | 1 2 3 4 |  4.9
Air Magic      | 1 2 3 4 |  4.9
Earth Magic    | 1 2 3 4 |  4.9
Poison Magic   | 1 2 3 4 |  4.9
Long Blades    | 5 6 7 |  7.6
Fighting       | 7 8 9 |  9.0
Armour         | 7 8 9 |  9.0
Shields        | 7 8 9 |  9.0

Action                   |  1- 3 |  4- 6 |  7- 9 | 10-12 || total
-------------------------+-------+-------+-------+-------++-------
Melee: Long sword        |    53 |   108 |   581 |   473 ||  1215
       Bite              |     9 |    14 |    96 |    77 ||   196
Invok: Heroism           |       |       |     5 |     9 ||    14
Evoke: Wand              |       |       |       |     4 ||     4
  Use: Potion            |     2 |     2 |     4 |     2 ||    10
       Scroll            |       |       |     5 |     2 ||     7
  Eat: Chunk             |       |     4 |    17 |     6 ||    27
       Ration            |       |       |       |     2 ||     2
Armor: Scale mail        |    13 |       |       |       ||    13
       Chain mail        |    14 |    68 |   276 |       ||   358
       Plate armour      |       |       |    21 |   261 ||   282
Dodge: Dodged            |    19 |    58 |   207 |   225 ||   509
Block: Shield            |    41 |    93 |   451 |   414 ||   999
       Rpst.: Long sword |     7 |    19 |    59 |    58 ||   143
